 Dungeon Crawl Stone Soup version 0.19-a0-1008-g4c63d25 (webtiles) character file.

344 Gagarin the Shield-Bearer (level 6, -4/56 HPs)
             Began as a Minotaur Fighter on July 22, 2016.
             Was a Believer of Makhleb.
             Slain by a gnoll
             ... wielding a +0 halberd
              (15 damage)
             ... on level 3 of the Dungeon.
             The game lasted 00:06:45 (2406 turns).

Gagarin the Shield-Bearer (Minotaur Fighter)        Turns: 2406, Time: 00:06:47

Health: -4/56      AC:  8    Str: 23    XL:     6   Next: 31%
Magic:  5/5        EV:  9    Int:  5    God:    Makhleb [**....]
Gold:   156        SH: 13    Dex:  9    Spells: 0 memorised, 5 levels left

rFire  . . .     SeeInvis .     a - +0 war axe
rCold  . . .     Gourm    .     j - +2 ring mail {rPois}
rNeg   . . .     Faith    .     c - +0 shield
rPois  +         Spirit   .     (helmet restricted)
rElec  .         Dismiss  .     u - +0 cloak
rCorr  .         Reflect  +     (no gloves)
SustAt .         Harm     .     (no boots)
MR     .....                    y - +4 amulet of reflection
Stlth  ..........               (no ring)
                                (no ring)

@: heavily drained, invisible, not resistant to hostile enchantments, extremely
unstealthy
A: retaliatory headbutt, horns 2
a: Minor Destruction, Renounce Religion


You were on level 3 of the Dungeon.
You worshipped Makhleb.
Makhleb was pleased with you.
You were not hungry.

You visited 1 branch of the dungeon, and saw 3 of its levels.

You collected 156 gold pieces.

Inventory:

Hand Weapons
 a - a +0 war axe (weapon)
 h - a +0 hunting sling
Missiles
 t - 18 sling bullets
Armour
 b - a +0 scale mail
 c - a +0 shield (worn)
 j - a +2 ring mail of poison resistance (worn)
 u - a +0 cloak (worn)
Jewellery
 i - an uncursed amulet of harm
 y - a +4 amulet of reflection (around neck)
Wands
 d - a wand of polymorph (2/24)
Scrolls
 e - a scroll of noise {unknown}
 l - 4 scrolls of remove curse {unknown}
 m - a scroll of recharging {unknown}
 n - 2 scrolls of teleportation {unknown}
 r - a scroll of identify {unknown}
 s - a scroll of enchant weapon {unknown}
Potions
 g - 2 potions of invisibility
 k - 2 potions of curing {unknown}
 o - a potion of cure mutation {unknown}
 p - a potion of brilliance {unknown}
 q - 2 potions of heal wounds {unknown}
 v - a potion of lignification {unknown}
 z - a potion of might
Comestibles
 f - 3 bread rations
 w - 29 chunks of flesh
 x - a meat ration


   Skills:
 + Level 5.0(3.6) Fighting
 + Level 3.9(2.6) Axes
 + Level 4.8(3.4) Armour
 + Level 2.5(1.2) Dodging
 + Level 5.5(4.1) Shields
 + Level 0.2(0.0) Invocations


You had 5 spell levels left.
You didn't know any spells.

Dungeon Overview and Level Annotations

Branches:
Dungeon (3/15)

Altars:
Gozag
Makhleb
Trog
Xom


Innate Abilities, Weirdness & Mutations

You reflexively headbutt those who attack you in melee.
You have a pair of horns on your head.


Message History

The gnoll hits you from afar with a halberd.
You block the gnoll's attack.
You closely miss the big kobold. You block the gnoll's attack.
The big kobold hits you with a dagger. You block the gnoll's attack. x2
The big kobold throws a stone.
You reflect the stone off an invisible shield around you!
The stone hits the big kobold.
You block the big kobold's attack. You block the gnoll's attack. x2
The gnoll hits you from afar with a spear.
* * * LOW HITPOINT WARNING * * *
You see here 2 stones.
The big kobold hits you but does no damage.
The gnoll barely misses you. x2
It was a potion of invisibility.
You fade into invisibility!
You block the big kobold's attack.
The gnoll hits you from afar with a spear.
* * * LOW HITPOINT WARNING * * *
The gnoll hits you from afar with a halberd!
You die...

##### #$$$################
#$K$#.............)#
#ggg#........))...()
#K##........).....#
#(@....########.... #......#
#.... #).....########....
##)##...^..........# ≈≈
#)..#..............'
#≈≈≈≈≈≈≈≈≈#...#..............#
#≈≈≈≈≈≈≈≈≈#...################
#≈≈≈≈≈≈≈≈≈#####≈≈≈≈≈≈≈≈≈≈≈≈≈≈≈
#≈≈≈≈≈≈≈≈≈≈≈≈≈≈≈≈≈≈≈≈≈≈≈≈≈≈≈≈≈


You could see a big kobold, 2 gnolls and a kobold.

Vanquished Creatures
  A centaur (D:3)
  An orc priest (D:3)
  An orc wizard (D:3)
  Robin (D:2)
  5 gnolls (D:3)
  5 adders (D:2)
  A worm (D:3)
  A dart slug (D:2)
  A giant gecko (D:1)
  3 orcs (D:3)
  4 giant cockroaches
  26 goblins
  21 hobgoblins
  2 jackals (D:2)
  8 bats
  2 giant newts
  5 kobolds
  6 rats
94 creatures vanquished.

Notes
Turn   | Place    | Note
-------+----------+-------------------------------------------
     0 | D:1      | Gagarin the Minotaur Fighter began the quest for the Orb.
     0 | D:1      | Reached XP level 1. HP: 19/19 MP: 0/0
   145 | D:1      | Reached XP level 2. HP: 27/27 MP: 1/1
   723 | D:2      | Found a shimmering altar of Xom.
   737 | D:2      | Reached XP level 3. HP: 29/34 MP: 2/2
   739 | D:2      | Found a shimmering altar of Xom.
   740 | D:2      | Found a shimmering altar of Xom.
   740 | D:2      | Found a shimmering altar of Xom.
   741 | D:2      | Found a shimmering altar of Xom.
   949 | D:2      | Noticed Robin
   956 | D:2      | Reached XP level 4. HP: 32/41 MP: 3/3
   961 | D:2      | Killed Robin
   961 | D:2      | Reached skill level 1 in Dodging
   983 | D:2      | Found a bloodstained altar of Trog.
  1041 | D:2      | Found an opulent altar of Gozag.
  1134 | D:2      | Found a burning altar of Makhleb.
  1145 | D:2      | Became a worshipper of Makhleb the Destroyer
  1491 | D:3      | Reached skill level 5 in Shields
  1491 | D:3      | Reached XP level 5. HP: 47/47 MP: 4/4
  1597 | D:3      | Noticed a centaur
  1615 | D:3      | Killed a centaur
  1615 | D:3      | Reached skill level 5 in Fighting
  2257 | D:3      | Reached XP level 6. HP: 55/56 MP: 5/5
  2287 | D:3      | Reached * piety under Makhleb
  2375 | D:3      | Reached ** piety under Makhleb
  2406 | D:3      | Slain by a gnoll

Vault maps used:
D:1:      dpeg_arrival_stone_temple_mockup
D:2:      old_standard_altar, old_standard_altar, old_standard_altar, hex_large,
          xom_redecorated, uniq_robin
D:3:      minmay_goblin_kobold_castle, first_bread

Skill      XL: |  1  2  3  4  5 |
---------------+----------------+-----
Shields        | 4 5 |  5.5
Fighting       | 4 5 |  5.0
Armour         | 4 |  4.8
Dodging        | 1 2 |  2.5
Axes           | 3 |  3.9
Invocations    | |  0.2

Action                   |  1- 3 |  4- 6 || total
-------------------------+-------+-------++-------
Melee: War axe           |    82 |   114 ||   196
       Headbutt          |     4 |    14 ||    18
Invok: Minor Destruction |       |     2 ||     2
  Use: Potion            |     1 |     1 ||     2
  Eat: Chunk             |       |     5 ||     5
Armor: Scale mail        |    19 |       ||    19
       Ring mail         |    28 |    47 ||    75
Dodge: Dodged            |    31 |    46 ||    77
Block: Shield            |    60 |    95 ||   155
       Reflection        |       |     1 ||     1
